 Dungeon Crawl Stone Soup version 0.21.1-1-g345015f (webtiles) character file.

6 tidbits the Sneak (level 1, 1/13 HPs)
             Began as a Gnoll Enchanter on June 8, 2018.
             Quit the game on level 1 of the Dungeon.
             The game lasted 00:01:14 (160 turns).

tidbits the Sneak (Gnoll Enchanter)                  Turns: 160, Time: 00:01:15

Health: 1/13       AC:  2    Str: 10    XL:     1   Next: 90%
Magic:  5/6        EV: 14    Int: 17    God:
Gold:   11         SH:  0    Dex: 15    Spells: 8/9 levels left

rFire    . . .     SeeInvis .   a - +1 dagger
rCold    . . .     Gourm    .   (no shield)
rNeg     . . .     Faith    .   b - +0 robe
rPois    .         Spirit   .   (no helmet)
rElec    .         Reflect  .   (no cloak)
rCorr    .         Harm     .   (no gloves)
MR       .....                  (no boots)
Stlth    +++.......             (no amulet)
HPRegen  0.04/turn              (no ring)
MPRegen  0.10/turn              (no ring)

@: no status effects
A: distributed training, fangs 1, strong nose
a: no special abilities


You were on level 1 of the Dungeon.
You were not hungry.

You visited 1 branch of the dungeon, and saw 1 of its levels.

You collected 11 gold pieces.

Inventory:

Hand Weapons
 a - a +1 dagger (weapon)
Missiles
 e - 24 bolts
Armour
 b - a +0 robe (worn)
Books
 c - a book of Maledictions

   Spells                             Type                      Level
   a - Corona                         Hexes                        1
   b - Ensorcelled Hibernation        Hexes/Ice                    2
   c - Confuse                        Hexes                        3
   d - Tukima's Dance                 Hexes                        3
   e - Dazzling Spray                 Conjuration/Hexes            3
Comestibles
 d - 2 rations


   Skills:
 + Level 0.1 Fighting
 + Level 2.4 Short Blades
 + Level 0.1 Long Blades
 + Level 0.1 Axes
 + Level 0.1 Maces & Flails
 + Level 0.1 Polearms
 + Level 0.1 Staves
 + Level 0.1 Slings
 + Level 0.1 Bows
 + Level 0.1 Crossbows
 + Level 0.1 Throwing
 + Level 0.1 Armour
 + Level 4.4 Dodging
 + Level 5.9 Stealth
 + Level 0.1 Shields
 + Level 0.1 Unarmed Combat
 + Level 4.9 Spellcasting
 + Level 0.1 Conjurations
 + Level 5.3 Hexes
 + Level 0.1 Charms
 + Level 0.1 Summonings
 + Level 0.1 Necromancy
 + Level 0.1 Translocations
 + Level 0.1 Transmutations
 + Level 0.1 Fire Magic
 + Level 0.1 Ice Magic
 + Level 0.1 Air Magic
 + Level 0.1 Earth Magic
 + Level 0.1 Poison Magic
 + Level 0.2 Invocations
 + Level 0.1 Evocations


You had 8 spell levels left.
You knew the following spells:

 Your Spells              Type           Power        Failure   Level  Hunger
a - Corona                Hex            ###....      1%          1    None


Dungeon Overview and Level Annotations

Branches:
Dungeon (1/15)

Altars:


Innate Abilities, Weirdness & Mutations

Your experience applies equally to all skills.
You have very sharp teeth.
Your uncanny sense of smell can sniff out nearby items.


Message History

Adjust to which letter? a - Corona
Casting: Corona
Confirm with . or Enter, or press ? or * to list all spells.
Aiming: Corona
Press: ? - help, Shift-Dir - straight line, f - frilled lizard
Aim: a frilled lizard (chance to defeat MR: 77%)
The frilled lizard is outlined in light.
The frilled lizard closely misses you.
You barely miss the frilled lizard. Your bite misses the frilled lizard.
The frilled lizard completely misses you.
You completely miss the frilled lizard. The frilled lizard bites you.
You hit the frilled lizard.
You kill the frilled lizard!
Found 11 gold pieces.
You see here 11 gold pieces.
You now have 11 gold pieces.
A giant cockroach comes into view.
A hobgoblin comes into view. It is wielding a club.
Found a ration.
You see here a ration.
d - 2 rations (gained 1)
The helpless giant cockroach fails to defend itself.
You impale the giant cockroach!!
You kill the giant cockroach!
You see here a giant cockroach corpse.
The helpless hobgoblin fails to defend itself.
You impale the hobgoblin!!
You kill the hobgoblin!
Found 24 bolts.
Things that are here:
a club; a hobgoblin corpse You see here 24 bolts.
e - 24 bolts A giant cockroach comes into view.
The helpless giant cockroach fails to defend itself.
You impale the giant cockroach!!
You kill the giant cockroach!
A kobold comes into view. It is wielding a short sword.
The kobold shouts!
You hear a shout!
A frilled lizard comes into view.
Casting: Corona
Confirm with . or Enter, or press ? or * to list all spells.
Aiming: Corona
Press: ? - help, Shift-Dir - straight line, f - kobold
Aim: a kobold, wielding a short sword (chance to defeat MR: 77%)
The kobold is outlined in light.
A hobgoblin comes into view. It is wielding a club.
You hit the kobold.
You kill the kobold!
Casting: Corona
Confirm with . or Enter, or press ? or * to list all spells.
Aiming: Corona
Press: ? - help, Shift-Dir - straight line, f - hobgoblin
Aim: a hobgoblin, wielding a club (chance to defeat MR: 77%)
The hobgoblin is outlined in light.
You hit the hobgoblin.
The hobgoblin is heavily wounded.
The hobgoblin hits you with a club.
You hit the hobgoblin but do no damage.
The hobgoblin is heavily wounded.
You barely miss the hobgoblin.
You bite the hobgoblin, but do no damage.
The hobgoblin is heavily wounded.
The hobgoblin hits you with a club. The frilled lizard misses you.
You hit the hobgoblin.
You bite the hobgoblin, but do no damage.
The hobgoblin is almost dead.
The frilled lizard misses you. The hobgoblin hits you with a club.
* * * LOW HITPOINT WARNING * * *
You hit the hobgoblin but do no damage.
The hobgoblin is almost dead.
The frilled lizard completely misses you.
The hobgoblin misses you.
You hit the hobgoblin but do no damage.
You bite the hobgoblin, but do no damage.
The hobgoblin is almost dead.
The frilled lizard bites you.
* * * LOW HITPOINT WARNING * * *
The hobgoblin misses you.
You closely miss the hobgoblin.
The hobgoblin is almost dead.
The frilled lizard barely misses you.
You closely miss the hobgoblin.
The hobgoblin is almost dead.
The hobgoblin closely misses you. The frilled lizard barely misses you.
You hit the hobgoblin but do no damage.
You bite the hobgoblin, but do no damage.
The hobgoblin is almost dead.
The hobgoblin barely misses you. The frilled lizard bites you.
* * * LOW HITPOINT WARNING * * *
You hit the hobgoblin but do no damage.
The hobgoblin is almost dead.
The hobgoblin stops glowing.
The hobgoblin closely misses you.
You barely miss the hobgoblin.
The hobgoblin is almost dead.
The frilled lizard bites you.
* * * LOW HITPOINT WARNING * * *
The hobgoblin barely misses you.
Are you sure you want to abandon this character and quit the game? (Confirm with "yes".)

#.#..†....# ..# ##
#.#....##.##.# ..#
..##.#.##.#..#...+
..##.#.......#...
..#...........### .
.......#..#.....#..
#...........#....⌠.
#......#...##....##
#...####..l@g......
.... #.......##..
#.. .......###.#
..##.#.. # .. #.##.
. #. . ## .#


You could see a hobgoblin and a frilled lizard.

Vanquished Creatures
  2 giant cockroaches (D:1)
  A hobgoblin (D:1)
  A kobold (D:1)
  A frilled lizard (D:1)
5 creatures vanquished.

Notes
Turn   | Place    | Note
-------+----------+-------------------------------------------
     0 | D:1      | tidbits the Gnoll Enchanter began the quest for the Orb.
     0 | D:1      | Reached XP level 1. HP: 13/13 MP: 6/6
   159 | D:1      | HP: 1/13 [frilled lizard (1)]
   160 | D:1      | Quit the game

Action                   || total
-------------------------++-------
Melee: Dagger            ||    19
       Bite              ||     4
 Cast: Corona            ||     3
 Stab: Sleeping          ||     3
Dodge: Dodged            ||    13

Table legend:
 A = Turns spent in this place as a percentage of turns spent in the entire game.
 B = Non-inter-level travel turns spent in this place as a percentage of non-inter-level travel turns spent in the entire game.
 C = Inter-level travel turns spent in this place as a percentage of turns spent in this place.
 D = Turns resting spent in this place as a percentage of non-inter-level travel turns spent in this place.
 E = Turns spent auto-exploring this place as a percentage of non-inter-level travel turns spent in this place.
 F = Non-inter-level travel turns spent in this place divided by the number of levels of this place that you've seen.
                   A       B       C       D       E      F
               +-------+-------+-------+-------+-------+----------------------
         Total | 100.0 | 100.0 |   0.0 |   0.0 |   0.0 | 160.0
       Dungeon | 100.0 | 100.0 |   0.0 |   0.0 |   0.0 | 160.0
               +-------+-------+-------+-------+-------+----------------------

Table legend:
 A = Kills in this place as a percentage of kills in entire the game.
 B = Kills by you in this place as a percentage of kills by you in the entire game.
 C = Kills by friends in this place as a percentage of kills by friends in the entire game.
 D = Other kills in this place as a percentage of other kills in the entire game.
 E = Experience gained in this place as a percentage of experience gained in the entire game.
 F = Experience gained in this place divided by the number of levels of this place that you have seen.
                   A       B       C       D       E      F
               +-------+-------+-------+-------+-------+----------------------
         Total | 100.0 | 100.0 |   N/A |   N/A | 100.0 |   9.0
       Dungeon | 100.0 | 100.0 |   N/A |   N/A | 100.0 |   9.0
               +-------+-------+-------+-------+-------+----------------------

Vault maps used:
D:1:      eino_arrival_cavern_e, minmay_door_square, evilmike_ruin_ashenzari
